[ AOE2 MATCH · #506412921 ]
UnrankedEthiopians vs Wu
Player's team · LOSS
Rival team · WIN
[ REPLAY ANALYSIS · EXTRACTED FROM THE RECORDED GAME ]
Feudal
8:52
Castle
21:54
Imperial
—
| APM avg | 56.3 |
| APM peak | 94 |
| eAPM avg | 26.4 |
| Villagers / military | 59 / 54 |
Focus
⚔️ 38.6% · 🌾 61.4%
Militia ×24 · Archer ×23 · Scout Cavalry ×4 · Mangonel ×3
Feudal
10:47
Castle
22:51
Imperial
—
| APM avg | 76.1 |
| APM peak | 143 |
| eAPM avg | 30.5 |
| Villagers / military | 70 / 35 |
Focus
⚔️ 34.1% · 🌾 65.9%
Skirmisher ×26 · Unknown (1974) ×20 · Militia ×8 · Monk ×1
Match map
Initial resources + every placement click. Lines = walls · curves = elevation contours. ◆ gold · ⬟ stone · ● berries · ✦ relic · ◌ wall gap
Your base· Open — 5t gap
Gil-galad's base· Open — 1t gap
Smoothed initial terrain · ◌ = detected wall gap · hover for details
Inputs per minute
— manteldon - - Gil-galad
Build order — manteldon
First 150 of 200 actions detected
| 0:02 | Create | Villager (Male) |
| 0:02 | Create | Villager (Male) |
| 0:02 | Create | Villager (Male) |
| 0:03 | Create | Villager (Male) |
| 0:03 | Create | Villager (Male) |
| 0:05 | Build | House |
| 0:07 | Build | House |
| 1:24 | Create | Villager (Male) |
| 1:25 | Create | Villager (Male) |
| 1:47 | Build | Lumber Camp |
| 1:58 | Create | Villager (Male) |
| 1:59 | Create | Villager (Male) |
| 2:24 | Create | Villager (Male) |
| 2:25 | Create | Villager (Male) |
| 2:38 | Create | Villager (Male) |
| 3:08 | Create | Villager (Male) |
| 3:35 | Build | House |
| 3:40 | Create | Villager (Male) |
| 4:00 | Create | Villager (Male) |
| 4:21 | Create | Villager (Male) |
| 4:24 | Create | Villager (Male) |
| 4:24 | Create | Villager (Male) |
| 4:59 | Create | Villager (Male) |
| 5:32 | Build | Barracks |
| 5:38 | Create | Villager (Male) |
| 5:40 | Research | Loom |
| 6:03 | Build | Palisade Wall |
| 6:40 | Research | Feudal Age |
| 6:45 | Build | House |
| 7:10 | Build | Mining Camp |
| 7:35 | Create | Militia |
| 7:35 | Create | Militia |
| 7:54 | Build | House |
| 8:27 | Build | Palisade Wall |
| 8:29 | Build | Palisade Wall |
| 8:32 | Build | Palisade Wall |
| 8:35 | Create | Militia |
| 8:37 | Build | Palisade Wall |
| 8:52 | Age | Feudal Age |
| 8:55 | Create | Villager (Male) |
| 8:55 | Create | Villager (Male) |
| 9:02 | Build | Archery Range |
| 9:04 | Create | Villager (Male) |
| 9:07 | Research | Man-at-Arms (upgrade) |
| 9:10 | Create | Villager (Male) |
| 9:30 | Build | Palisade Wall |
| 9:35 | Build | Palisade Wall |
| 9:39 | Create | Villager (Male) |
| 9:43 | Create | Villager (Male) |
| 10:02 | Create | Archer |
| 10:03 | Create | Archer |
| 10:04 | Build | House |
| 10:06 | Build | Mill |
| 10:08 | Create | Villager (Male) |
| 10:20 | Create | Archer |
| 10:20 | Create | Archer |
| 10:33 | Create | Villager (Male) |
| 11:10 | Create | Villager (Male) |
| 11:10 | Create | Villager (Male) |
| 11:20 | Build | Farm |
| 11:21 | Build | Farm |
| 11:23 | Build | Farm |
| 11:24 | Build | Farm |
| 11:34 | Create | Villager (Male) |
| 11:58 | Build | Farm |
| 12:02 | Build | House |
| 12:16 | Create | Villager (Male) |
| 12:17 | Create | Villager (Male) |
| 12:24 | Create | Archer |
| 12:32 | Create | Villager (Male) |
| 12:32 | Create | Villager (Male) |
| 12:35 | Create | Archer |
| 12:35 | Create | Archer |
| 12:45 | Research | Double-Bit Axe |
| 12:45 | Research | Double-Bit Axe |
| 13:00 | Create | Villager (Male) |
| 13:16 | Build | Farm |
| 13:17 | Create | Villager (Male) |
| 13:28 | Build | Blacksmith |
| 13:33 | Create | Villager (Male) |
| 13:52 | Build | House |
| 13:56 | Build | House |
| 13:57 | Build | Palisade Wall |
| 13:59 | Create | Villager (Male) |
| 14:06 | Build | Palisade Wall |
| 14:07 | Build | Palisade Wall |
| 14:09 | Build | Palisade Wall |
| 14:10 | Build | Palisade Wall |
| 14:13 | Create | Villager (Male) |
| 14:13 | Create | Villager (Male) |
| 14:20 | Build | Farm |
| 14:23 | Build | Farm |
| 14:24 | Research | Fletching |
| 14:24 | Research | Fletching |
| 14:49 | Build | Palisade Wall |
| 14:53 | Build | Farm |
| 15:19 | Build | Stable |
| 15:27 | Create | Villager (Male) |
| 15:43 | Build | Farm |
| 15:44 | Build | Farm |
| 15:51 | Build | House |
| 15:55 | Create | Villager (Male) |
| 16:13 | Create | Scout Cavalry |
| 16:18 | Research | Fletching |
| 16:18 | Research | Fletching |
| 16:21 | Build | House |
| 16:23 | Create | Archer |
| 16:25 | Create | Scout Cavalry |
| 16:32 | Build | House |
| 16:35 | Build | House |
| 16:39 | Build | Farm |
| 16:52 | Create | Villager (Male) |
| 17:04 | Create | Scout Cavalry |
| 17:13 | Build | Farm |
| 17:25 | Create | Villager (Male) |
| 17:28 | Build | Farm |
| 17:29 | Create | Villager (Male) |
| 17:47 | Create | Scout Cavalry |
| 18:11 | Build | Farm |
| 18:14 | Build | Farm |
| 18:15 | Create | Villager (Male) |
| 18:20 | Create | Villager (Male) |
| 18:23 | Build | Market |
| 19:14 | Research | Castle Age |
| 19:39 | Research | Horse Collar |
| 19:50 | Create | Archer |
| 19:50 | Create | Archer |
| 19:56 | Build | Farm |
| 19:57 | Build | Farm |
| 20:01 | Build | Palisade Wall |
| 20:13 | Build | Barracks |
| 20:27 | Research | Scale Mail Armor |
| 20:27 | Research | Scale Mail Armor |
| 20:39 | Build | House |
| 20:48 | Create | Archer |
| 21:00 | Create | Villager (Male) |
| 21:04 | Create | Militia |
| 21:08 | Create | Villager (Male) |
| 21:10 | Create | Archer |
| 21:14 | Research | Gold Mining |
| 21:14 | Research | Gold Mining |
| 21:24 | Create | Villager (Male) |
| 21:26 | Create | Archer |
| 21:54 | Age | Castle Age |
| 21:56 | Research | Crossbowman (upgrade) |
| 21:57 | Research | Crossbowman (upgrade) |
| 21:57 | Research | Bodkin Arrow |
| 21:58 | Research | Bodkin Arrow |
| 22:16 | Create | Militia |
| 22:20 | Create | Archer |
Build order — Gil-galad
First 150 of 218 actions detected
| 0:00 | Create | Villager (Male) |
| 0:01 | Create | Villager (Male) |
| 0:02 | Build | House |
| 0:02 | Build | House |
| 0:04 | Create | Villager (Male) |
| 0:04 | Create | Villager (Male) |
| 1:25 | Create | Villager (Male) |
| 1:44 | Build | Lumber Camp |
| 1:57 | Create | Villager (Male) |
| 1:57 | Create | Villager (Male) |
| 2:16 | Create | Villager (Male) |
| 2:46 | Create | Villager (Male) |
| 2:46 | Create | Villager (Male) |
| 3:05 | Create | Villager (Male) |
| 3:32 | Create | Villager (Male) |
| 3:32 | Create | Villager (Male) |
| 3:54 | Create | Villager (Male) |
| 3:54 | Create | Villager (Male) |
| 3:56 | Build | House |
| 4:20 | Build | Palisade Wall |
| 4:21 | Build | Palisade Wall |
| 4:33 | Create | Villager (Male) |
| 4:37 | Build | Barracks |
| 4:39 | Create | Villager (Male) |
| 5:06 | Build | House |
| 5:09 | Create | Villager (Male) |
| 5:29 | Create | Militia |
| 5:47 | Create | Militia |
| 5:47 | Create | Villager (Male) |
| 6:08 | Build | Palisade Wall |
| 6:13 | Create | Militia |
| 6:17 | Create | Villager (Male) |
| 6:18 | Build | Mill |
| 6:39 | Create | Villager (Male) |
| 6:48 | Create | Villager (Male) |
| 6:57 | Build | House |
| 7:33 | Create | Villager (Male) |
| 7:53 | Build | Palisade Wall |
| 8:00 | Research | Loom |
| 8:37 | Research | Feudal Age |
| 8:56 | Build | Palisade Gate |
| 9:00 | Build | Palisade Wall |
| 9:01 | Build | Palisade Wall |
| 9:09 | Build | Palisade Wall |
| 9:26 | Build | Palisade Wall |
| 9:30 | Build | Palisade Wall |
| 9:34 | Create | Villager (Male) |
| 9:44 | Build | Mining Camp |
| 9:56 | Build | Lumber Camp |
| 10:41 | Build | Palisade Wall |
| 10:47 | Age | Feudal Age |
| 10:49 | Create | Villager (Male) |
| 10:53 | Build | Archery Range |
| 11:08 | Build | House |
| 11:12 | Research | Double-Bit Axe |
| 11:21 | Research | Horse Collar |
| 11:21 | Research | Horse Collar |
| 11:22 | Create | Villager (Male) |
| 11:31 | Build | Farm |
| 11:39 | Create | Villager (Male) |
| 11:49 | Create | Skirmisher |
| 11:55 | Build | Farm |
| 12:04 | Create | Skirmisher |
| 12:08 | Build | Farm |
| 12:23 | Create | Villager (Male) |
| 12:28 | Build | Farm |
| 12:29 | Build | Farm |
| 12:54 | Build | Farm |
| 12:56 | Build | Farm |
| 12:56 | Create | Villager (Male) |
| 13:01 | Create | Skirmisher |
| 13:08 | Build | House |
| 13:11 | Build | Farm |
| 13:13 | Create | Villager (Male) |
| 13:35 | Build | Farm |
| 13:36 | Build | Farm |
| 13:36 | Create | Villager (Male) |
| 13:39 | Create | Skirmisher |
| 13:50 | Build | Farm |
| 14:06 | Build | House |
| 14:14 | Create | Villager (Male) |
| 14:17 | Research | Man-at-Arms (upgrade) |
| 14:39 | Build | Blacksmith |
| 14:39 | Create | Villager (Male) |
| 14:41 | Create | Skirmisher |
| 14:44 | Build | Farm |
| 14:46 | Create | Villager (Male) |
| 14:57 | Create | Skirmisher |
| 15:00 | Build | House |
| 15:11 | Create | Skirmisher |
| 15:17 | Create | Villager (Male) |
| 15:18 | Build | Farm |
| 15:22 | Build | Palisade Wall |
| 15:27 | Research | Fletching |
| 15:27 | Create | Villager (Male) |
| 15:31 | Build | House |
| 15:35 | Create | Villager (Male) |
| 15:35 | Create | Villager (Male) |
| 15:37 | Build | Farm |
| 15:49 | Build | Farm |
| 15:50 | Create | Villager (Male) |
| 16:04 | Build | Palisade Wall |
| 16:13 | Create | Skirmisher |
| 16:14 | Create | Villager (Male) |
| 16:19 | Build | Farm |
| 16:21 | Build | Farm |
| 16:21 | Create | Villager (Male) |
| 16:35 | Research | Padded Archer Armor |
| 16:36 | Research | Padded Archer Armor |
| 16:36 | Research | Padded Archer Armor |
| 16:56 | Create | Villager (Male) |
| 17:10 | Build | Market |
| 17:13 | Build | Lumber Camp |
| 17:23 | Create | Villager (Male) |
| 17:44 | Create | Villager (Male) |
| 18:16 | Create | Villager (Male) |
| 18:19 | Create | Militia |
| 18:19 | Create | Militia |
| 18:55 | Create | Militia |
| 18:56 | Create | Villager (Male) |
| 18:57 | Create | Skirmisher |
| 18:57 | Create | Skirmisher |
| 18:59 | Build | Archery Range |
| 19:08 | Research | Scale Mail Armor |
| 19:08 | Create | Villager (Male) |
| 19:22 | Create | Villager (Male) |
| 19:26 | Create | Villager (Male) |
| 19:34 | Create | Skirmisher |
| 19:56 | Research | Castle Age |
| 19:56 | Create | Skirmisher |
| 20:00 | Build | House |
| 20:01 | Build | House |
| 20:04 | Build | Palisade Wall |
| 20:06 | Build | Farm |
| 20:13 | Build | House |
| 20:21 | Build | Palisade Wall |
| 20:30 | Research | Gold Mining |
| 20:37 | Create | Skirmisher |
| 20:37 | Create | Skirmisher |
| 20:44 | Build | House |
| 21:02 | Create | Villager (Male) |
| 21:04 | Create | Skirmisher |
| 21:05 | Create | Skirmisher |
| 21:16 | Build | House |
| 21:18 | Build | House |
| 21:27 | Research | Forging |
| 21:29 | Create | Villager (Male) |
| 21:35 | Build | Barracks |
| 21:40 | Research | Arson |
| 22:20 | Create | Skirmisher |
Match timeline
| 4:20 | Gil-galad · wall_segment Palisade Wall x1 |
| 4:21 | Gil-galad · wall_segment Palisade Wall x1 |
| 4:37 | Gil-galad · first_building Barracks |
| 5:32 | manteldon · first_building Barracks |
| 6:03 | manteldon · wall_segment Palisade Wall x1 |
| 6:08 | Gil-galad · wall_segment Palisade Wall x6 |
| 7:53 | Gil-galad · wall_segment Palisade Wall x10 |
| 8:27 | manteldon · wall_segment Palisade Wall x1 |
| 8:29 | manteldon · wall_segment Palisade Wall x1 |
| 8:32 | manteldon · wall_segment Palisade Wall x1 |
| 8:37 | manteldon · wall_segment Palisade Wall x1 |
| 8:52 | manteldon · age_up feudal |
| 9:00 | Gil-galad · wall_segment Palisade Wall x9 |
| 9:01 | Gil-galad · wall_segment Palisade Wall x1 |
| 9:02 | manteldon · first_building Archery Range |
| 9:09 | Gil-galad · wall_segment Palisade Wall x8 |
| 9:26 | Gil-galad · wall_segment Palisade Wall x8 |
| 9:30 | manteldon · wall_segment Palisade Wall x1 |
| 9:30 | Gil-galad · wall_segment Palisade Wall x8 |
| 9:35 | manteldon · wall_segment Palisade Wall x1 |
| 10:41 | Gil-galad · wall_segment Palisade Wall x1 |
| 10:47 | Gil-galad · age_up feudal |
| 10:53 | Gil-galad · first_building Archery Range |
| 13:57 | manteldon · wall_segment Palisade Wall x1 |
| 14:06 | manteldon · wall_segment Palisade Wall x1 |
| 14:07 | manteldon · wall_segment Palisade Wall x1 |
| 14:09 | manteldon · wall_segment Palisade Wall x1 |
| 14:10 | manteldon · wall_segment Palisade Wall x1 |
| 14:49 | manteldon · wall_segment Palisade Wall x1 |
| 15:19 | manteldon · first_building Stable |
| 15:22 | Gil-galad · wall_segment Palisade Wall x1 |
| 16:04 | Gil-galad · wall_segment Palisade Wall x1 |
| 19:04 | manteldon · first_market_buy 100 food |
| 19:06 | manteldon · first_market_sell 100 wood |
| 19:44 | Gil-galad · first_market_sell 500 wood |
| 19:46 | Gil-galad · first_market_buy 100 food |
| 20:01 | manteldon · wall_segment Palisade Wall x1 |
| 20:04 | Gil-galad · wall_segment Palisade Wall x1 |
| 20:21 | Gil-galad · wall_segment Palisade Wall x3 |
| 21:54 | manteldon · age_up castle |
| 22:51 | Gil-galad · age_up castle |
| 23:44 | Gil-galad · first_building Monastery |
| 25:05 | manteldon · first_building Siege Workshop |
| 28:13 | Gil-galad · first_building Siege Workshop |
| 28:29 | manteldon · resign |
[ AI ANALYSIS · 1 CREDIT ]
What really happened in this match?
Wolo.gg analyzes every decision: build order, eco, micro, common mistakes by bracket. Personalized analysis on WhatsApp or Discord in 30 seconds.
Civ guide
Ethiopians
Perfil
Jugador #1793080